 Dungeon Crawl Stone Soup version 0.28-a0-1594-ga885d4b3d6 (webtiles) character file.

Game seed: 1796344185063732324

214 HallandMoats the Skirmisher (level 5, -2/34 HPs)
             Began as a Gargoyle Fighter on Jan 21, 2022.
             Was an Initiate of Ashenzari.
             Slain by Sigmund (10 damage)
             ... on level 3 of the Dungeon.
             The game lasted 00:03:03 (2977 turns).

HallandMoats the Skirmisher (Gargoyle Fighter)      Turns: 2977, Time: 00:03:04

Health: -2/34      AC: 11    Str: 19    XL:     5   Next: 91%
Magic:  5/5        EV:  9    Int:  9    God:    Ashenzari [......]
Gold:   91         SH:  4    Dex: 11    Spells: 4/4 levels left

rFire   . . .      SeeInvis .   d - +1 dagger (venom)
rCold   . . .      Faith    .   c - +0 buckler
rNeg    + . .      Spirit   .   b - +0 scale mail
rPois   ∞          Reflect  .   (no helmet)
rElec   +          Harm     .   (no cloak)
rCorr   .          Rampage  .   (no gloves)
Will    .....                   (no boots)
Stlth   ..........              (no amulet)
HPRegen 0.11/turn               (no ring)
MPRegen 0.09/turn               (no ring)

@: no status effects
A: sickness immunity, AC +4, negative energy resistance 1, electricity
resistance, torment resistance 1, petrification resistance
a: Renounce Religion, Curse Item


You were on level 3 of the Dungeon.
You worshipped Ashenzari.
Ashenzari was noncommittal.
You visited 1 branch of the dungeon, and saw 3 of its levels.

You collected 91 gold pieces.

Inventory:

Hand Weapons
 a - a +0 war axe
 d - a +1 dagger of venom (weapon)
 j - a +0 hand axe
 l - a +0 morningstar
Armour
 b - a +0 scale mail (worn)
 c - a +0 buckler (worn)
 i - a +0 pair of boots
Jewellery
 o - an amulet of reflection
Scrolls
 f - 2 scrolls of identify {unknown}
 n - a scroll of teleportation {unknown}
 p - a scroll of brand weapon {unknown}
Potions
 e - a potion of heal wounds {unknown}
 g - a potion of invisibility {unknown}
 h - a potion of attraction {unknown}
 k - 2 potions of degeneration {unknown}
 m - 2 potions of magic {unknown}


   Skills:
 * Level 4.5 Fighting
 * Level 3.2 Axes
 + Level 4.0 Armour
 + Level 1.5 Dodging
 + Level 3.9 Shields


You had 4 spell levels left.
You didn't know any spells.
Your spell library was empty.

Dungeon Overview and Level Annotations

Branches:
Dungeon (3/15)

Altars:
Ashenzari

Annotations:
D:3 Sigmund


Innate Abilities, Weirdness & Mutations

You are immune to sickness and miasma.
Your stone body is resilient. (AC +4)
You are immune to poison.
You resist negative energy. (rN+)
You are resistant to electric shocks. (rElec)
You are resistant to unholy torment.
You are immune to petrification.


Message History

Sigmund flickers and vanishes!
Deactivating autopickup; reactivate with Ctrl-A.
You barely miss the adder. The adder closely misses you. The adder bites you.
You barely miss the adder. The adder barely misses you.
Something hits you but does no damage.
You closely miss the adder. The adder closely misses you.
You hit the adder.
The adder is lightly wounded.
The adder bites you. Something hits you.
The adder bites you but does no damage.
You barely miss the adder. You block the adder's attack. Something hits you!
You hit the adder but do no damage.
The adder is poisoned.
The adder bites you but does no damage.
You hit the adder.
The adder is moderately wounded.
The adder bites you but does no damage. You block something's attack.
The adder bites you but does no damage.
You barely miss the adder.
The adder is severely wounded.
You block the adder's attack. Something hits you but does no damage.
You miss the adder.
The adder is severely wounded.
The adder bites you but does no damage.
You completely miss the adder.
The adder is severely wounded.
The adder bites you but does no damage. Something hits you.
The adder bites you but does no damage.
You hit the adder but do no damage.
The adder looks as sick as possible!
The adder is severely wounded.
The adder bites you. Something hits you.
You hit the adder.
The adder is almost dead.
The adder bites you.
You barely miss the adder.
The adder is almost dead.
You kill the adder!
Something hits you!
* * * LOW HITPOINT WARNING * * *
Something hits you!
You die...

..# ..>#
..#####... #....#
........# #....#
........###
##....#
........... .....#
##......###
.....####
.....<.....
#........
.#......###
#.#........
.#...........#.#@#
##......###..#<#.#
.............#.#.#
#.........##.#.#.#
#.........##.#.#.#
#.........##.#.#.#
#....)....##.#...#
..............####
#..........####


There were no monsters in sight!

Vanquished Creatures
  Jessica (D:2)
  Natasha (twice) (D:2)
  Terence (D:1)
  An orc wizard (D:3)
  A gnoll (D:2)
  3 adders
  A dart slug (D:2)
  4 orcs (D:3)
  4 ball pythons
  5 endoplasms
  4 goblins
  3 hobgoblins
  2 jackals (D:1)
  3 quokkas (D:1)
  9 bats
  3 frilled lizards (D:1)
  A kobold (D:2)
  3 rats
51 creatures vanquished.

Notes
Turn   | Place    | Note
-------+----------+-------------------------------------------
     0 | D:1      | HallandMoats the Gargoyle Fighter began the quest for the
                  | Orb.
     0 | D:1      | Reached XP level 1. HP: 14/14 MP: 1/1
    70 | D:1      | Reached XP level 2. HP: 12/19 MP: 2/2
   882 | D:2      | Noticed Terence
  1149 | D:1      | Reached XP level 3. HP: 17/24 MP: 3/3
  1249 | D:1      | Killed Terence
  1352 | D:2      | Reached XP level 4. HP: 22/29 MP: 4/4
  1761 | D:2      | Reached skill level 1 in Dodging
  2109 | D:2      | Found a faded altar of an unknown god.
  2109 | D:2      | Noticed Natasha
  2111 | D:2      | Noticed Jessica
  2121 | D:2      | Killed Jessica
  2135 | D:2      | Reached XP level 5. HP: 10/33 MP: 5/5
  2143 | D:2      | Killed Natasha
  2425 | D:2      | Prayed at the altar of an unknown god.
  2425 | D:2      | Became a worshipper of Ashenzari the Shackled
  2496 | D:2      | Noticed Natasha
  2503 | D:2      | Killed Natasha
  2960 | D:3      | Noticed Sigmund
  2977 | D:3      | Slain by Sigmund

Illustrated notes

Levels and vault maps discovered:
D:1:      matt_arrival_grand_opening, layout_basic
D:2:      minmay_general_purpose_star, layout_basic,
          shapermc_ecumenical_altar_starsandcircs, st_stairs_1,
          minmay_misc_feat_x, uniq_terence, uniq_jessica, uniq_natasha
D:3:      layout_basic, uniq_sigmund

Skill      XL: |  1  2  3  4  5 |
---------------+----------------+-----
Axes           | 2 3 |  3.2
Fighting       | 4 |  4.5
Dodging        | 1 |  1.5
Armour         | 4 |  4.0
Shields        | |  3.9

Action                   |  1- 3 |  4- 6 || total
-------------------------+-------+-------++-------
Melee: War axe           |    48 |       ||    48
       Hand axe          |    45 |    30 ||    75
       Morningstar       |       |    62 ||    62
       Dagger            |       |    15 ||    15
  Use: Potion            |       |     1 ||     1
Armor: Scale mail        |    56 |    69 ||   125
Dodge: Dodged            |    51 |    58 ||   109
Block: Buckler           |    23 |    35 ||    58

Table legend: (Time is in decaauts)
 A = Elapsed time spent in this place.
 B = Non-inter-level travel time spent in this place.
 C = Inter-level travel time spent in this place.
 D = Time resting spent in this place.
 E = Time spent auto-exploring this place.
 F = Levels seen in this place.
 G = Mean time per level.
                   A        B        C        D        E       F      G
               +--------+--------+--------+--------+--------+-----+--------+
         Total |   3045 |   2996 |     49 |    661 |   1833 |   3 | 1015.0 |
       Dungeon |   3045 |   2996 |     49 |    661 |   1833 |   3 | 1015.0 |
               +--------+--------+--------+--------+--------+-----+--------+

Top non-repeatable levels by time:
     D:2: 1396 daAuts
     D:1: 1276 daAuts
     D:3: 372 daAuts
